AoeStats
← Foster

Migration

509007484Analyzed
1v1 RM · 7d ago on Sep 25, 2026· 21m 51s· 2 players
Game mode
Random Map
Map size
132×132
Population
200
Speed
Normal
Resources
Standard
Victory
Conquest
Starting age
Dark Age
Ending age
Imperial Age
RankedLock teamsTeams togetherTeam positionsShared explorationLock speedFull tech treeHidden civsTurbo modeCheats
Victory
Defeat
🇺🇸 Lithuanians · United States
799
+16
🇺🇸 Turks · United States
803
-16
Foster
8:17 Loom
12:00 Feudal Age
16:54 Forging
16:50 Scale Barding Armor
17:14 Double-Bit Axe
20:31 Castle Age
19:07 Wheelbarrow
18:17 Town Watch
20:47 Bloodlines
boomsoss
11:27 Feudal Age
12:16 Fishing Lines
12:30 Double-Bit Axe
18:55 Castle Age
19:40 Husbandry
21:45 Bloodlines
Connection lost

Rejoining the realm…

Still unreachable

The connection could not be restored.

Session expired

The server has moved on; the page needs a fresh start.